Map: Heavy Artillery LE

Players

Normas

  • Race: Zerg Zerg
  • League: Platinum
  • Spawn Location: 7:00

Sergant

  • Race: Protoss Protoss
  • League: Gold
  • Spawn Location: 7:00

Massa - Winner!

  • Race: Terran Terran
  • League: Gold
  • Spawn Location: 3:00

qqq - Winner!

  • Race: Zerg Zerg
  • Spawn Location: 1:00

VOD

Have the link to the VOD?

Description

Time

  • Played on: June 22, 2020, 2:27 p.m.
  • Length: 9:15
Show
View Real Time Build Order
Export as new Build Order

Normas Zerg 

Build Orders: Hatch First 

Get SALT Encoding   

  12  0:01  Drone  
  13  0:13  Overlord  
  13  0:17  Drone  
  14  0:32  Drone x2  
  16  0:53  Hatchery  
  15  0:57  Drone x2  
  15  1:00  Drone  
  18  1:18  Extractor  
  18  1:23  Spawning Pool  
  18  1:25  Drone x2  
  18  1:33  Drone  
  19  1:52  Drone  
  19  1:53  Drone  
  21  2:15  Zergling x4  
  23  2:16  Queen x2  
  23  2:18  Drone  
  23  2:19  Overlord  
  28  2:26  Metabolic Boost  
  28  2:40  Drone x3  
  28  2:41  Drone  
  32  2:51  Hatchery  
  31  3:04  Drone  
  31  3:05  Drone x3  
  35  3:19  Drone  
  36  3:20  Overlord  
  36  3:25  Overlord  
  36  3:38  Queen  
  38  3:42  Drone x3  
  38  3:43  Drone x3  
  38  3:46  Zergling x4  
  47  4:02  Drone  
  47  4:03  Drone x4  
  47  4:04  Queen  
  47  4:09  Extractor x2  
  51  4:10  Lair  
  51  4:19  Drone  
  51  4:20  Drone x6  
  58  4:36  Overlord x2  
  58  4:37  Overlord x2  
  58  4:55  Drone x2  
  58  4:56  Drone x3  
  58  4:57  Drone  
  58  4:58  Drone x3  
  67  5:02  Queen  
  69  5:08  Drone x2  
  69  5:09  Extractor, Drone  
  69  5:10  Drone x2  
  69  5:11  Drone  
  74  5:16  Hydralisk Den  
  74  5:19  Evolution Chamber  
  72  5:21  Evolution Chamber  
  72  5:28  Spine Crawler x2  
  70  5:29  Spine Crawler, Zergling x2, Baneling Nest  
  70  5:30  Spine Crawler, Zergling x10  
  70  5:31  Spine Crawler  
  54  6:10  Grooved Spines  
  53  6:13  Hydralisk  
  53  6:14  Hydralisk x2  
  58  6:37  Hatchery  
  45  6:55  Zergling x10  
  30  7:15  Baneling x4  
  30  7:16  Baneling x6  
  30  7:18  Zergling x8  
  30  7:21  Muscular Augments  
  23  7:55  Hydralisk  
  23  7:56  Hydralisk x4  
  30  8:22  Hydralisk x3  
  30  8:23  Hydralisk  
Show
View Real Time Build Order
Export as new Build Order

Sergant Protoss 

Build Orders: Zealot Archon 

Get SALT Encoding   

  12  0:01  Probe  
  13  0:18  Pylon  
  13  0:19  Probe  
  14  0:26  Assimilator  
  14  0:32  Probe  
  15  0:51  Forge  
  15  0:56  Probe  
  16  1:00  Pylon  
  16  1:11  Pylon  
  16  1:25  Gateway  
  16  1:30  Probe  
  16  1:32  Gateway  
  16  1:36  Pylon  
  17  1:41  Assimilator  
  17  1:48  Probe  
  18  1:57  Nexus  
  18  2:00  Probe  
  19  2:08  Probe  
  20  2:18  Cybernetics Core  
  20  2:19  Probe  
  21  2:31  Probe  
  22  2:37  Pylon  
  22  2:45  Probe  
  23  2:57  Probe  
  23  2:58  Twilight Council  
  24  3:00  Assimilator  
  24  3:09  Warp Gate  
  24  3:11  Stalker  
  26  3:18  Assimilator  
  26  3:22  Pylon  
  26  3:24  Probe  
  27  3:27  Probe  
  27  3:32  Probe  
  28  3:35  Probe  
  28  3:40  Probe  
  30  3:43  Probe  
  32  3:50  Probe  
  32  3:54  Probe  
  35  4:02  Probe  
  35  4:05  Templar Archives  
  35  4:07  Probe, Pylon  
  36  4:14  Probe, Charge  
  37  4:19  Probe, Zealot  
  37  4:22  Zealot  
  42  4:27  Probe  
  42  4:31  Probe  
  44  4:39  Probe  
  44  4:43  Probe  
  44  4:44  Gateway  
  46  4:46  Gateway  
  46  4:49  Pylon  
  46  4:51  Probe  
  47  4:55  Probe  
  48  5:08  Probe x2  
  50  5:20  High Templar x2  
  54  5:25  Gateway  
  54  5:26  Gateway  
  54  5:28  Gateway, Archon  
  54  5:29  Gateway  
  54  5:44  Psionic Storm  
  54  5:46  Pylon  
  54  5:48  Shield Battery  
  54  5:50  Shield Battery  
  54  5:59  High Templar x4  
  62  6:15  Pylon  
  58  6:39  Zealot x2  
  58  6:40  Zealot x4  
  43  7:16  Archon  
  43  7:18  Stalker x3  
  43  7:19  Stalker x3  
  43  7:43  Pylon  
  43  7:44  Stalker x2  
  43  7:45  Stalker x4  
  12  8:15  Stalker x6  
  21  8:31  Shield Battery  
  21  8:32  Shield Battery  
  21  8:36  Shield Battery  
  21  8:39  Pylon  
Show
View Real Time Build Order
Export as new Build Order

Massa Terran - Winner!

Build Orders:  

Get SALT Encoding   

  12  0:12  Supply Depot  
  12  0:13  SCV  
  13  0:25  SCV  
  14  0:37  SCV  
  15  0:43  Refinery  
  15  0:49  SCV  
  16  0:52  Barracks  
  16  1:01  SCV  
  17  1:13  SCV  
  18  1:35  SCV  
  19  1:40  Marine  
  19  1:44  Supply Depot  
  20  1:47  SCV  
  21  1:57  Marine  
  22  2:04  Factory  
  22  2:09  Supply Depot  
  22  2:15  Marine  
  23  2:33  Marine  
  23  2:35  Barracks  
  24  2:44  SCV  
  25  2:56  SCV  
  25  2:57  Barracks  
  25  2:58  Barracks  
  25  2:59  Marine  
  25  3:00  Factory Tech Lab  
  26  3:09  SCV  
  27  3:16  Starport  
  27  3:22  Siege Tank  
  30  3:29  Supply Depot  
  30  3:34  Supply Depot  
  30  3:40  Marine  
  31  3:51  Marine  
  31  3:52  Orbital Command  
  32  4:00  Supply Depot  
  32  4:06  Medivac  
  32  4:08  Marine  
  35  4:13  Marine  
  35  4:16  Marine  
  37  4:19  Marine  
  38  4:28  Marine  
  38  4:30  Marine  
  40  4:33  Marine  
  40  4:37  Marine  
  42  4:43  Siege Tank  
  45  4:45  Marine  
  45  4:48  Marine  
  45  4:51  Marine  
  48  4:54  Supply Depot  
  48  5:03  Marine x2  
  48  5:06  Marine  
  51  5:16  Widow Mine  
  53  5:23  Marine x2  
  53  5:24  Marine  
  53  5:26  Marine  
  57  5:39  Command Center  
  53  7:06  Barracks Reactor, Barracks Tech Lab x2  
  53  7:12  SCV  
  54  7:16  SCV  
  55  7:25  SCV  
  55  7:28  SCV  
  57  7:37  SCV  
  57  7:40  SCV  
  53  7:49  SCV  
  51  7:52  SCV  
  50  8:01  SCV  
  50  8:04  SCV, Marauder x2  
  50  8:05  Marine  
  57  8:06  Marine  
  57  8:09  Marine  
  56  8:15  Medivac  
  58  8:21  Refinery  
  58  8:22  Orbital Command  
  58  8:23  Marine x2  
  58  8:24  Refinery  
  58  8:25  Marauder x2  
  64  8:27  Marine  
  64  8:28  SCV  
  64  8:36  Refinery  
  64  8:40  SCV, Marine  
  60  8:41  Marine, Command Center  
  60  8:45  Marine, Medivac  
  60  8:46  Marauder x2  
  66  8:52  SCV  
Show
View Real Time Build Order
Export as new Build Order

qqq Zerg - Winner!

Build Orders: Hatch First 

Get SALT Encoding   

  12  0:04  Drone  
  13  0:12  Drone  
  14  0:35  Hatchery  
  13  0:53  Spawning Pool  
  12  0:58  Overlord  
  12  1:02  Drone  
  13  1:37  Overlord  
  13  1:38  Drone x2  
  15  1:42  Extractor  
  14  1:57  Drone  
  15  2:08  Drone  
  16  2:09  Queen  
  16  2:11  Drone  
  16  2:14  Drone  
  20  2:16  Drone  
  20  2:20  Drone  
  22  2:38  Drone x2  
  22  2:42  Spine Crawler  
  23  2:48  Drone  
  24  2:54  Roach Warren  
  24  2:55  Metabolic Boost  
  23  3:07  Zergling x2  
  23  3:08  Zergling x4  
  23  3:09  Drone  
  27  3:15  Drone x2  
  29  3:25  Queen  
  31  3:28  Zergling x2  
  31  3:30  Drone  
  35  3:34  Roach  
  35  3:38  Drone  
  35  3:39  Overlord  
  36  3:44  Overlord  
  36  3:52  Overlord  
  36  3:58  Roach x2  
  42  4:02  Roach  
  42  4:06  Roach  
  42  4:07  Zergling x2  
  42  4:09  Zergling x2  
  46  4:12  Ravager  
  46  4:15  Roach  
  49  4:19  Roach  
  51  4:27  Roach  
  51  4:28  Zergling x2  
  54  4:36  Overlord  
  54  4:43  Zergling x4  
  54  4:45  Roach  
  58  4:53  Zergling x2  
  58  4:55  Roach  
  58  4:56  Roach  
  58  4:58  Hatchery  
  58  4:59  Zergling x2  
  63  5:09  Zergling x8  
  67  5:14  Drone  
  67  5:18  Overlord  
  67  5:19  Overlord  
  68  5:24  Overlord  
  68  5:29  Overlord  
  68  5:36  Drone  
  68  5:37  Drone, Roach  
  68  5:39  Zergling x2  
  71  5:54  Roach x3  
  71  5:55  Roach  
  77  6:10  Roach x2  
  77  6:11  Roach  
  83  6:12  Drone x3  
  83  6:17  Queen  
  77  6:45  Zergling x2  
  77  6:46  Zergling x4  
  77  6:47  Zergling x14  
  82  6:48  Zergling x4  
  82  6:50  Extractor  
  70  7:23  Zergling x6, Roach  
  70  7:24  Roach x3  
  70  7:25  Roach x4  
  73  7:39  Drone x2  
  73  7:40  Drone x4  
  73  7:41  Zergling x6  
  82  7:50  Zergling x2  
  77  8:08  Roach x2  
  77  8:09  Drone, Zergling x10  
  77  8:10  Drone  
  87  8:17  Hatchery  
  86  8:27  Roach  
  86  8:28  Roach x2  
  86  8:29  Drone, Roach  
  86  8:30  Drone x2, Roach  
  96  8:50  Roach x2  
  96  8:51  Roach x2  
Tags
 
Add a new tag
Caveats
  • Supply blocks, unpowered buildings, or Contaminate may cause inaccurate times.
  • Supply counts are checked every 10 seconds.